 Dungeon Crawl Stone Soup version 0.29.1-15-g9cfb28693d (webtiles) character file.

Game seed: 4963020598889173666

76 Calibrex the Ducker (level 4, 0/34 HPs)
             Began as a Demonspawn Gladiator on Mar 31, 2023.
             Slain by Natasha (2 damage)
             ... on level 2 of the Dungeon.
             The game lasted 00:04:53 (1325 turns).

Calibrex the Ducker (Demonspawn Gladiator)          Turns: 1325, Time: 00:04:53

Health: 0/34       AC:  6    Str: 17    XL:     4   Next: 12%
Magic:  4/4        EV: 11    Int:  9    God:
Gold:   15         SH:  0    Dex: 14    Spells: 3/3 levels left

rFire   . . .      SeeInvis +   a - +0 war axe
rCold   . . .      Faith    .   (no shield)
rNeg    . . .      Spirit   .   l - +0 ring mail
rPois   .          Reflect  .   c - +0 helmet
rElec   .          Harm     .   (no cloak)
rCorr   .          Rampage  .   (no gloves)
Will    .....                   (no boots)
Stlth   +.........              (no amulet)
HPRegen 0.11/turn               b - ring of see invisible
MPRegen 0.09/turn               (no ring)

@: no status effects
A: hooves 1, weakness stinger 1
a: no special abilities


You were on level 2 of the Dungeon.
You visited 1 branch of the dungeon, and saw 2 of its levels.

You collected 15 gold pieces.

Inventory:

Hand Weapons
 a - a +0 war axe (weapon)
Missiles
 d - 5 throwing nets
 e - a javelin
 g - 3 boomerangs (quivered)
Armour
 c - a +0 helmet (worn)
 l - a +0 ring mail (worn)
Jewellery
 b - a ring of see invisible (left hand)
 m - an amulet of faith
Potions
 f - a potion of ambrosia {unknown}
 j - 2 potions of curing {unknown}
 k - a potion of attraction {unknown}


   Skills:
 + Level 2.7 Fighting
 + Level 3.2 Axes
 + Level 2.5 Throwing
 + Level 3.2 Dodging


You had 3 spell levels left.
You didn't know any spells.
Your spell library was empty.

Dungeon Overview and Level Annotations

Branches:
Dungeon (2/15)

Altars:

Shops:
D:1 [

Annotations:
D:2 Natasha


Innate Abilities, Weirdness & Mutations

You have large cloven feet.
You have a small tail.


Message History

Throw: 3 boomerangs
Press: ? - help, Q - select action, (/) - cycle Shift-Dir - straight line, f/p - Natasha
Aim: Natasha (53% to hit)
You throw a boomerang. The boomerang closely misses Natasha.
Throw: 3 boomerangs
Press: ? - help, Q - select action, (/) - cycle Shift-Dir - straight line, f/p - Natasha
Aim: Natasha (53% to hit)
You throw a boomerang. The boomerang hits Natasha.
Natasha is lightly wounded.
Throw: 3 boomerangs
Press: ? - help, Q - select action, (/) - cycle Shift-Dir - straight line, f/p - Natasha
Aim: Natasha (lightly wounded, 53% to hit)
You throw a boomerang. The boomerang barely misses Natasha.
Throw: 3 boomerangs
Press: ? - help, Q - select action, (/) - cycle Shift-Dir - straight line, f/p - Natasha
Aim: Natasha (lightly wounded, 53% to hit)
You throw a boomerang. The boomerang closely misses Natasha.
Natasha closely misses you.
You closely miss Natasha.
Natasha is lightly wounded.
Natasha barely misses you.
You hit Natasha.
Natasha is lightly wounded.
Natasha casts a spell.
Natasha claws you!
* * * LOW HITPOINT WARNING * * *
You closely miss Natasha.
Natasha is lightly wounded.
Natasha claws you.
* * * LOW HITPOINT WARNING * * *
The white imp gestures at you. The puff of frost hits you.
* * * LOW HITPOINT WARNING * * *
You hit Natasha. Your kick misses Natasha.
Your tail-slap misses Natasha.
Natasha is lightly wounded.
Natasha closely misses you.
You completely miss Natasha.
Natasha is lightly wounded.
You slash the white imp! Natasha claws you.
You die...

.. ...... #....## #
#####.##.#.)# #.#.<.# .#
....#.#..#..###.....#..#
........#...............
...................#....
)....................#
.........(.......$...##
..............h.........
####.........5@.....(...
#.####...†......##...
#.# ##...............
#..##................
#..#.#####.....##..
#.#†# ....#..#..
#...####.#.###...
###.....#.#.# ##.
#..†..>.....#


You could see Natasha and a white imp (summoned).

Vanquished Creatures
  Natasha (twice) (D:2)
  2 dart slugs
  2 bats
  2 endoplasms (D:1)
  2 giant cockroaches
  2 goblins
  3 hobgoblins
  A quokka (D:1)
  3 kobolds (D:1)
  5 rats
24 creatures vanquished.

Notes
Turn   | Place    | Note
-------+----------+-------------------------------------------
     0 | D:1      | Calibrex the Demonspawn Gladiator began the quest for the
                  | Orb.
     0 | D:1      | Reached XP level 1. HP: 16/16 MP: 1/1
   117 | D:1      | Found Jalu's Antique Armour Shop.
   123 | D:1      | Discovered your monstrous ancestry.
   123 | D:1      | Gained mutation: You have large cloven feet. [demonic
                  | ancestry]
   123 | D:1      | Reached XP level 2. HP: 11/22 MP: 2/2
  1247 | D:2      | Noticed Natasha
  1253 | D:2      | Noticed a crimson imp
  1254 | D:2      | Noticed a crimson imp
  1256 | D:2      | Killed Natasha
  1257 | D:2      | Reached XP level 3. HP: 18/28 MP: 3/3
  1268 | D:2      | Noticed Natasha
  1279 | D:2      | Killed Natasha
  1280 | D:2      | Gained mutation: You have a small tail. [demonic ancestry]
  1280 | D:2      | Reached XP level 4. HP: 15/34 MP: 4/4
  1303 | D:2      | Noticed Natasha
  1325 | D:2      | Slain by Natasha

Illustrated notes

Levels and vault maps discovered:
D:1:      matt_arrival_grand_opening, layout_basic, serial_shops,
          nicolae_shop_crystal
D:2:      layout_rooms, serial_shops, nicolae_lakefront_shop, uniq_natasha

Skill      XL: |  1  2 |
---------------+-------+-----
Throwing       | 2 |  2.5
Dodging        | 3 |  3.2
Axes           | 3 |  3.2
Fighting       | |  2.7

Action                   |  1- 3 |  4- 6 || total
-------------------------+-------+-------++-------
Melee: War axe           |    67 |     5 ||    72
       Kick              |    10 |       ||    10
Throw: Boomerang         |       |     9 ||     9
  Use: Scroll            |     1 |     1 ||     2
Armor: Leather armour    |     5 |       ||     5
       Ring mail         |    18 |     1 ||    19
Dodge: Dodged            |    53 |     3 ||    56
